 Dungeon Sprint DCSS version 0.28-a0-863-g8cecda6153 (webtiles) character file.

Game seed: 4548670086367885384

340 emperorscorpion the Thaumaturge (level 6, -1/40 HPs)
             Began as a Djinni Air Elementalist on Nov 18, 2021.
             Was an Initiate of Makhleb.
             Slain by a two-headed ogre (24 damage)
             ... in the Dungeon (Sprint IX: "|||||||||||||||||||||||||||||").
             The game lasted 00:01:59 (423 turns).

emperorscorpion the Thaumaturge (DjAE)               Turns: 423, Time: 00:01:59

Health: -1/40      AC:  3    Str: 10    XL:     6   Next: 86%
Gold:   0          EV: 16    Int: 19    God:    Makhleb [......] SH:  0 Dex: 16

rFire   + + +      SeeInvis .   j - +3 war axe "Kabbeh" {protect, rF+ rCorr Dex+3}
rCold   x . .      Faith    .   (no shield)
rNeg    . . .      Spirit   .   a - +0 robe
rPois   ∞          Reflect  .   (no helmet)
rElec   .          Harm     .   k - +0 cloak
rCorr   +          Rampage  .   (no gloves)
Will    .....      NoTele   +   (boots unavailable)
Stlth   ++........              (no amulet)
HPRegen 0.13/turn               m - +3 ring of strength
MPRegen 0.00/turn               n - +2 ring of evasion

@: sluggish, flying, very slow
A: sickness immunity, fire resistance 2, cold vulnerability 1, float, innate
caster, hp casting, extra vitality 1
a: Renounce Religion


You were in the Dungeon.
You worshipped Makhleb.
Makhleb was noncommittal.
You visited 1 branch

Inventory:

Hand Weapons
 i - a +2 rapier of distortion
 j - the +3 war axe "Kabbeh" (weapon) {protect, rF+ rCorr Dex+3}
   (You found it in the Dungeon)

   It grants its wielder temporary protection when it strikes (+7 to AC).
   Dex:       It affects your dexterity (+3).
   rF:        It protects you from fire.
   rCorr:     It protects you from acid and corrosion.
Armour
 a - a +0 robe (worn)
 k - a +0 cloak (worn)
 l - a +0 plate armour
Jewellery
 m - a +3 ring of strength (left hand)
 n - a +2 ring of evasion (right hand)
Wands
 h - a wand of acid (1)
Scrolls
 f - 2 scrolls of blinking
Potions
 b - 5 potions of curing
 c - 3 potions of heal wounds
 d - a potion of haste
 e - a potion of berserk rage
 g - a potion of invisibility


   Skills:
 + Level 0.2 Fighting
 * Level 4.6 Armour
 + Level 5.5 Dodging
 - Level 2.6 Stealth
 + Level 8.5 Spellcasting
 * Level 3.1 Invocations
 + Level 1.8 Evocations


You had 9 spell levels left.
You knew the following spells:

 Your Spells              Type           Power      Damage    Failure   Level
a - Shock                 Conj/Air       100%       1d9       1%          1
b - Static Discharge      Conj/Air       40%        N/A       1%          2
c - Swiftness             Air            40%        N/A       1%          3
d - Airstrike             Air            20%        N/A       2%          4
e - Foxfire               Conj/Fire      100%       2x1d9     1%          1
f - Ensorcelled Hibernat  Hex/Ice        80%        N/A       1%          2
Your spell library was empty.

Dungeon Overview and Level Annotations

Branches:
Dungeon (1/1)

Altars:
Cheibriados
Dithmenos
Elyvilon
Fedhas
Gozag
Hepliaklqana
Kikubaaqudgha
Makhleb
Nemelex Xobeh
Okawaru
Qazlal
Ru
Sif Muna
Trog
Uskayaw
Vehumet
Wu Jian
Xom
Yredelemnul
Zin
The Shining One
Beogh
Jiyva
Lugonu


Innate Abilities, Weirdness & Mutations

You are immune to sickness and miasma.
You are immune to poison.
Your flesh is very heat resistant. (rF++)
You are vulnerable to cold. (rC-)
You float through the air rather than walking.
You learn spells naturally, not from books.
Your magical power is your life essence.
You have superior vitality. (+4 HP)


Message History

The bolt of acid hits the yak!
The yak seems to be corroded for longer.
You kill the yak!
Makhleb accepts your kill.
Your Armour skill increases to level 4!
Your Spellcasting skill increases to level 8!
Your Invocations skill gained 3 levels and is now at level 3!
Casting: Swiftness (safe; 1% risk of failure)
Confirm with . or Enter, or press ? or * to list all spells.
You conjure some foxfire!
Your foxfire dissipates!
The foxfire hits the two-headed ogre.
The two-headed ogre is lightly wounded.
There is a viscous altar of Jiyva here.
Aiming: Corrosive Bolt
Press: ? - help, Shift-Dir - straight line, f - two-headed ogre
Aim: a two-headed ogre, wielding a +0 giant spiked club and a +0 giant club (wisps of flame, lightly wounded, 86% to hit)
The bolt of acid hits the two-headed ogre!
The acid corrodes the two-headed ogre!
The two-headed ogre is moderately wounded.
Aiming: Corrosive Bolt
Press: ? - help, Shift-Dir - straight line, f/p - two-headed ogre
Aim: a two-headed ogre, wielding a +0 giant spiked club and a +0 giant club (moderately wounded, covered in acid, 86% to hit)
The bolt of acid hits the two-headed ogre!
The two-headed ogre is heavily wounded.
You start to feel a little faster.
Unknown command.
Press < or > to pray at altars.
Unknown command.
Press < or > to pray at altars.
Aiming: Corrosive Bolt
Press: ? - help, Shift-Dir - straight line, f/p - two-headed ogre
Aim: a two-headed ogre, wielding a +0 giant spiked club and a +0 giant club (heavily wounded, covered in acid, 86% to hit)
The bolt of acid hits the two-headed ogre!
The two-headed ogre seems to be corroded for longer.
The two-headed ogre is heavily wounded.
The two-headed ogre hits you with a +0 giant spiked club!
The two-headed ogre hits you with a +0 giant club!!
Ouch! That really hurt!
You die...

▓_▓
▓_▓
▓_▓
▓_▓
▓_▓
▓_▓
▓_▓
▓O▓
▓@▓
▓_▓
▓_▓
▓_▓
▓_▓
▓_▓
▓_▓
▓_▓
▓'▓


You could see a two-headed ogre (corroded).

Vanquished Creatures
  2 yaks (D)
  An iguana (D)
  3 adders (D)
  A goblin (D)
  A ball python (D)
  2 frilled lizards (D)
  A giant cockroach zombie (D)
  A rat (D)
12 creatures vanquished.

Vanquished Creatures (others)
  A foxfire (D)
1 creature vanquished.

Grand Total: 13 creatures vanquished

Notes
Turn   | Place    | Note
-------+----------+-------------------------------------------
     0 | D        | emperorscorpion the Djinni Air Elementalist began the quest
                  | for the Orb.
     0 | D        | Reached XP level 1. HP: 15/15 MP: 0/0
     6 | D        | Reached skill level 3 in Spellcasting
    80 | D        | Noticed an iguana
    87 | D        | Reached skill level 4 in Spellcasting
    87 | D        | Reached XP level 2. HP: 6/21 MP: 0/0
    88 | D        | Reached XP level 3. HP: 6/25 MP: 0/0
    88 | D        | Learned a level 1 spell: Foxfire
    88 | D        | HP: 1/25 [/static electricity (3)]
    89 | D        | Reached skill level 5 in Spellcasting
    89 | D        | Reached XP level 4. HP: 1/31 MP: 0/0
    95 | D        | Found a snail-covered altar of Cheibriados.
    95 | D        | Found a shadowy altar of Dithmenos.
    95 | D        | Found a white marble altar of Elyvilon.
    95 | D        | Found a blossoming altar of Fedhas.
    95 | D        | Found an opulent altar of Gozag.
    96 | D        | Found a hazy altar of Hepliaklqana.
    97 | D        | Found a viscous altar of Jiyva.
    99 | D        | Found a corrupted altar of Lugonu.
   100 | D        | Found a burning altar of Makhleb.
   101 | D        | Found a sparkling altar of Nemelex Xobeh.
   102 | D        | Found an iron altar of Okawaru.
   103 | D        | Found a stormy altar of Qazlal.
   104 | D        | Found a sacrificial altar of Ru.
   106 | D        | Found a bloodstained altar of Trog.
   107 | D        | Found a hide-covered altar of Uskayaw.
   110 | D        | Became a worshipper of Makhleb the Destroyer
   112 | D        | Found an ornate altar of the Wu Jian Council.
   113 | D        | Found a shimmering altar of Xom.
   114 | D        | Found a basalt altar of Yredelemnul.
   115 | D        | Found a glowing silver altar of Zin.
   116 | D        | Found a glowing golden altar of the Shining One.
   132 | D        | Got the +3 war axe "Kabbeh" {protect, rF+ rCorr Dex+3}
   387 | D        | Noticed a two-headed ogre
   387 | D        | Noticed an orc warrior
   387 | D        | Noticed an orc warrior
   387 | D        | Noticed a yak
   387 | D        | Noticed a yak
   415 | D        | Killed a yak
   416 | D        | Reached skill level 5 in Dodging
   416 | D        | Reached skill level 7 in Spellcasting
   416 | D        | Reached skill level 1 in Evocations
   416 | D        | Reached XP level 5. HP: 34/35 MP: 0/0
   416 | D        | Learned a level 2 spell: Ensorcelled Hibernation
   416 | D        | Reached XP level 6. HP: 39/40 MP: 0/0
   418 | D        | Killed a yak
   419 | D        | Reached skill level 8 in Spellcasting
   423 | D        | Slain by a two-headed ogre

Illustrated notes

Levels and vault maps discovered:
D:        linesprint [early_d, line_temple, items_1, d_10, items_2, lair_1,
          lair_end, items_3, orc_1, orc_end, items_4, d_15, swamp_1, shoals_1,
          snake_1, spider_1, d_20, vaults_1, items_5, swamp_end, shoals_end,
          snake_end, spider_end, vaults_end, d_27, items_6, zot_1, zot_end,
          crypt_end, forest_end, elf_end, slime_end, tomb_end, abyss_end,
          pan_hell_end]

Skill      XL: |  1  2  3  4  5  6 |
---------------+-------------------+-----
Spellcasting   | 4 5 7 8 |  8.5
Stealth        | 2 |  2.6
Dodging        | 3 5 |  5.5
Armour         | 3 4 |  4.6
Evocations     | 1 |  1.8
Invocations    | 3 |  3.1
Fighting       | |  0.2

Action                   |  1- 3 |  4- 6 || total
-------------------------+-------+-------++-------
 Cast: Shock             |    10 |       ||    10
       Static Discharge  |     1 |       ||     1
       Swiftness         |       |     1 ||     1
       Foxfire           |       |     1 ||     1
Evoke: Wand              |       |     9 ||     9
Armor: Robe              |     3 |       ||     3
Dodge: Dodged            |     3 |       ||     3

Table legend: (Time is in decaauts)
 A = Elapsed time spent in this place.
 B = Non-inter-level travel time spent in this place.
 C = Inter-level travel time spent in this place.
 D = Time resting spent in this place.
 E = Time spent auto-exploring this place.
 F = Levels seen in this place.
 G = Mean time per level.
                   A        B        C        D        E       F      G
               +--------+--------+--------+--------+--------+-----+--------+
         Total |    417 |    417 |      0 |    301 |      0 |   1 |  417.0 |
       Dungeon |    417 |    417 |      0 |    301 |      0 |   1 |  417.0 |
               +--------+--------+--------+--------+--------+-----+--------+

Top non-repeatable levels by time:
       D: 417 daAuts
